Map: Ever Dream LE

Players

Arctur - Winner!

  • Race: Terran Terran
  • Spawn Location: 1:00

KingCobra

  • Race: Protoss Protoss
  • Spawn Location: 7:00

Event: DreamHack SC2 Masters 2020 Fall

VOD

Have the link to the VOD?

Description

Time

  • Played on: Aug. 29, 2020, 12:06 p.m.
  • Length: 11:07

All games in this series

Show
View Real Time Build Order
Export as new Build Order

Arctur Terran - Winner!

Build Orders:  

Get SALT Encoding   

  12  0:00  SCV  
  13  0:12  SCV  
  14  0:17  Supply Depot  
  14  0:24  SCV  
  15  0:38  SCV  
  15  0:39  Barracks  
  16  0:44  Refinery  
  16  0:50  SCV  
  16  0:54  Refinery  
  17  1:03  SCV  
  18  1:16  SCV  
  19  1:28  Orbital Command  
  19  1:32  Reaper  
  20  1:34  Supply Depot  
  20  1:44  Factory  
  20  1:53  SCV  
  21  2:04  Reaper  
  21  2:05  SCV  
  23  2:17  SCV  
  24  2:24  Command Center  
  24  2:29  Hellion  
  26  2:31  SCV  
  27  2:42  Starport  
  27  2:43  SCV  
  28  2:52  Widow Mine, Supply Depot  
  28  2:56  SCV  
  31  3:02  Barracks Reactor  
  31  3:07  Armory  
  31  3:14  SCV, Widow Mine  
  34  3:27  SCV  
  35  3:33  Medivac  
  36  3:37  Orbital Command  
  36  3:39  SCV, Marine x2  
  38  3:41  Widow Mine  
  40  3:51  SCV  
  41  3:56  Marine  
  41  3:57  Marine  
  43  4:03  SCV, Widow Mine  
  43  4:09  Medivac  
  48  4:10  SCV  
  48  4:12  Supply Depot  
  48  4:15  SCV  
  52  4:20  Supply Depot  
  52  4:22  SCV  
  53  4:27  SCV  
  53  4:29  Widow Mine  
  54  4:35  SCV  
  54  4:36  Supply Depot  
  55  4:39  SCV  
  55  4:40  Command Center  
  54  4:47  SCV, Marine x2  
  54  4:51  SCV  
  56  4:55  Medivac  
  56  4:56  Widow Mine  
  56  4:59  SCV  
  57  5:03  SCV  
  57  5:04  Marine x2  
  60  5:11  SCV  
  61  5:14  Barracks  
  61  5:15  Barracks, SCV  
  61  5:19  Supply Depot  
  62  5:21  Engineering Bay  
  62  5:23  SCV  
  62  5:27  Marine x2  
  62  5:28  SCV  
  64  5:34  Factory Tech Lab  
  64  5:35  SCV, Refinery, Starport Tech Lab  
  65  5:36  Supply Depot  
  65  5:39  Supply Depot  
  65  5:40  SCV  
  66  5:45  Marine  
  66  5:47  SCV  
  64  5:51  Orbital Command  
  64  5:52  SCV  
  64  5:53  Terran Infantry Weapons Level 1  
  63  5:57  Marine  
  63  5:59  SCV  
  63  6:03  Marine  
  66  6:04  Barracks, Missile Turret  
  66  6:05  Barracks  
  66  6:07  Missile Turret, Starport Reactor  
  66  6:08  Factory Reactor  
  66  6:10  SCV  
  67  6:11  SCV  
  67  6:14  Orbital Command  
  67  6:17  Combat Shield, Stimpack  
  68  6:19  Marauder, Marine x2  
  68  6:24  SCV x2  
  74  6:28  Refinery  
  74  6:33  Supply Depot  
  74  6:36  SCV x2  
  74  6:38  Marauder  
  74  6:39  Marine x2  
  80  6:41  Missile Turret  
  80  6:42  SCV  
  81  6:48  SCV x2  
  81  6:53  Medivac x2  
  87  6:54  SCV  
  87  6:56  Supply Depot x2  
  87  6:58  Barracks Reactor  
  87  7:00  SCV  
  87  7:01  SCV  
  90  7:03  Barracks Tech Lab  
  90  7:04  Marine x2  
  90  7:05  Marauder  
  90  7:06  SCV  
  90  7:07  Supply Depot  
  95  7:10  Marauder  
  95  7:13  SCV x2  
  99  7:22  Marine  
  100  7:25  SCV x3  
  100  7:26  Marauder  
  100  7:28  Barracks  
  100  7:29  Barracks x2  
  105  7:30  Supply Depot x2, Marine  
  106  7:37  Marine  
  106  7:38  Marauder  
  109  7:45  Medivac  
  109  7:46  Medivac, Marine x2  
  109  7:47  Marauder  
  109  7:48  Terran Infantry Armor Level 1  
  117  7:54  Widow Mine x2, Marine  
  117  7:55  Marauder  
  124  8:04  Command Center  
  124  8:05  Marauder  
  126  8:12  Marauder, Marine  
  129  8:16  Barracks Tech Lab  
  129  8:17  Barracks Tech Lab  
  127  8:20  Medivac x2  
  127  8:21  Barracks Tech Lab  
  127  8:25  Refinery, Supply Depot  
  127  8:26  Refinery  
  131  8:27  Marauder, Marine  
  134  8:35  Marine  
  134  8:36  Marauder  
  135  8:50  Medivac x2, Marauder, Marine x2  
  135  8:51  Marauder  
  123  9:12  Marauder, Marine  
  123  9:13  Marine x2  
  123  9:14  Marauder  
  123  9:20  Medivac x2, Marine x2  
  123  9:21  Marauder  
  123  9:22  SCV  
  123  9:23  SCV x2  
  123  9:24  Orbital Command  
  123  9:25  Marauder, Marine  
  123  9:29  Marine  
  123  9:31  Marine x2  
  125  9:32  Widow Mine x2  
  125  9:33  Marauder  
  125  9:34  SCV  
  125  9:35  Marauder, SCV x2  
  138  9:38  Marine  
  138  9:39  Marauder  
  138  9:42  Marauder  
  138  9:43  Marine  
  142  9:47  Marauder, Marine  
  142  9:49  Marine  
  142  9:50  Medivac x2  
  145  9:53  Widow Mine x2  
  145  9:55  Marauder  
  145  9:56  Marauder, Marine  
  154  10:00  Marauder  
  154  10:07  Marauder, Marine  
  156  10:13  Engineering Bay  
  159  10:18  Command Center  
  156  10:32  Marine x2  
  156  10:33  Marauder x2, Marine x2  
  160  10:39  Marine x3  
  160  10:40  Widow Mine x2, Marauder  
Show
View Real Time Build Order
Export as new Build Order

KingCobra Protoss 

Build Orders: Phoenix Opening 

Get SALT Encoding   

  12  0:00  Probe  
  13  0:12  Probe  
  14  0:17  Pylon  
  14  0:24  Probe (Chrono Boost)  
  15  0:36  Probe (Chrono Boost)  
  15  0:37  Gateway  
  16  0:45  Probe (Chrono Boost)  
  16  0:47  Assimilator  
  17  0:51  Probe  
  18  1:00  Pylon  
  18  1:03  Probe  
  19  1:15  Probe  
  20  1:20  Gateway  
  20  1:26  Cybernetics Core  
  20  1:32  Probe  
  21  1:34  Assimilator  
  21  1:44  Probe (Chrono Boost)  
  21  1:47  Pylon  
  23  1:56  Probe (Chrono Boost)  
  25  2:02  Probe (Chrono Boost)  
  25  2:07  Adept (Chrono Boost)  
  25  2:16  Nexus  
  25  2:26  Stargate  
  25  2:31  Sentry  
  25  2:32  Probe  
  28  2:41  Pylon  
  28  2:46  Warp Gate  
  28  2:47  Probe  
  29  2:57  Adept  
  31  2:59  Probe  
  31  3:01  Shield Battery  
  32  3:09  Phoenix (Chrono Boost)  
  34  3:13  Probe  
  34  3:32  Phoenix  
  34  3:33  Probe (Chrono Boost)  
  35  3:35  Probe (Chrono Boost)  
  35  3:45  Probe (Chrono Boost)  
  35  3:46  Robotics Facility  
  37  3:50  Probe (Chrono Boost)  
  37  3:51  Probe (Chrono Boost)  
  37  3:54  Assimilator  
  38  3:57  Probe  
  38  3:59  Probe  
  38  4:02  Phoenix  
  43  4:11  Probe (Chrono Boost)  
  43  4:12  Probe (Chrono Boost)  
  44  4:23  Probe (Chrono Boost)  
  46  4:25  Probe (Chrono Boost)  
  46  4:28  Probe (Chrono Boost)  
  46  4:29  Pylon  
  46  4:31  Immortal (Chrono Boost)  
  47  4:33  Probe  
  47  4:38  Probe  
  53  4:45  Probe  
  51  4:59  Probe x2  
  53  5:01  Assimilator  
  53  5:02  Robotics Bay  
  53  5:03  Observer  
  53  5:06  Pylon  
  54  5:09  Gateway  
  54  5:11  Probe  
  54  5:13  Phoenix  
  57  5:14  Sentry, Pylon  
  59  5:30  Immortal (Chrono Boost)  
  63  5:36  Pylon  
  63  5:41  Gateway  
  63  5:43  Probe x2  
  65  5:55  Probe  
  66  6:01  Disruptor (Chrono Boost)  
  66  6:02  Probe  
  73  6:07  Robotics Facility, Probe  
  71  6:11  Forge  
  71  6:14  Probe, Pylon  
  72  6:19  Probe  
  73  6:31  Disruptor (Chrono Boost)  
  73  6:33  Probe x2  
  78  6:40  Observer  
  78  6:41  Pylon  
  78  6:44  Observer  
  78  6:46  Photon Cannon  
  78  6:47  Photon Cannon  
  78  6:50  Phoenix  
  78  6:52  Observer  
  78  6:53  Probe x2  
  82  6:56  Observer  
  82  7:00  Pylon  
  82  7:05  Disruptor (Chrono Boost)  
  82  7:06  Protoss Air Weapons Level 1  
  82  7:07  Pylon  
  85  7:10  Nexus  
  85  7:15  Disruptor (Chrono Boost)  
  87  7:26  Photon Cannon  
  87  7:28  Shield Battery  
  87  7:30  Phoenix  
  87  7:32  Photon Cannon  
  87  7:33  Probe x2  
  87  7:35  Shield Battery  
  91  7:42  Disruptor  
  91  7:44  Disruptor  
  94  7:48  Zealot x2  
  101  7:54  Probe x2  
  103  8:06  Fleet Beacon, Probe x2  
  103  8:08  Pylon  
  105  8:21  Disruptor x2  
  105  8:24  Probe x3  
  114  8:29  Photon Cannon  
  114  8:30  Photon Cannon  
  114  8:33  Zealot  
  114  8:34  Zealot  
  118  8:40  Phoenix  
  94  9:19  Disruptor (Chrono Boost)  
  94  9:20  Disruptor (Chrono Boost)  
  84  9:35  Pylon  
  84  9:36  Pylon  
  84  9:38  Pylon  
  84  9:51  Phoenix  
  86  10:00  Fleet Beacon, Stargate  
  86  10:07  Disruptor x2 (Chrono Boost)  
  86  10:08  Photon Cannon x2  
  86  10:11  Photon Cannon  
  92  10:29  Phoenix  
  94  10:37  Zealot x3  
  71  11:00  Zealot x3  

Tags
 
Add a new tag
Caveats
  • Supply blocks, unpowered buildings, or Contaminate may cause inaccurate times.
  • Supply counts are checked every 10 seconds.